Map: Hardwire LE

Players

bean

  • Race: Terran Terran
  • League: Platinum

furyofjustic - Winner!

  • Race: Terran Terran
  • League: Platinum

VOD

Have the link to the VOD?

Description

Time

  • Played on: Dec. 21, 2021, 10:18 p.m.
  • Length: 15:18
Show
View Real Time Build Order
Export as new Build Order

bean Terran 

Build Orders:  

Get SALT Encoding   

  12  0:00  SCV  
  13  0:12  SCV  
  14  0:18  Supply Depot  
  14  0:24  SCV  
  15  0:39  SCV  
  15  0:42  Barracks  
  16  0:47  Refinery  
  16  0:51  SCV  
  17  1:03  SCV  
  18  1:15  SCV  
  19  1:29  Orbital Command  
  19  1:30  Barracks Reactor  
  19  1:54  Command Center  
  19  2:04  SCV  
  19  2:08  Marine x2  
  22  2:20  Supply Depot  
  22  2:28  Barracks  
  22  2:29  Marine  
  23  2:32  Barracks  
  23  2:36  Refinery  
  23  2:41  Marine  
  24  2:46  SCV  
  24  2:49  Marine  
  26  2:58  SCV  
  26  2:59  Marine  
  28  3:06  Orbital Command  
  28  3:07  Marine  
  29  3:17  Barracks Tech Lab, Marine  
  30  3:21  Barracks Tech Lab  
  30  3:23  SCV  
  30  3:24  Supply Depot  
  31  3:32  Marine  
  31  3:33  SCV  
  33  3:35  SCV  
  34  3:42  Stimpack  
  34  3:45  SCV  
  34  3:47  SCV  
  36  3:52  Combat Shield  
  36  3:57  SCV  
  36  3:58  Factory  
  36  3:59  Marine  
  36  4:00  Marine  
  36  4:02  Marine  
  40  4:04  SCV  
  42  4:10  SCV  
  42  4:11  Marine  
  44  4:17  SCV  
  44  4:18  Marine  
  44  4:19  Marine  
  44  4:22  SCV  
  47  4:26  Marine  
  47  4:29  Marine, SCV  
  50  4:34  SCV  
  50  4:35  Marine  
  50  4:37  Marine  
  53  4:41  SCV  
  53  4:43  Supply Depot  
  53  4:44  Supply Depot  
  54  4:49  Starport, Factory Reactor  
  54  5:03  Supply Depot  
  54  5:04  Marine, SCV x2  
  54  5:06  Engineering Bay  
  57  5:13  Supply Depot  
  57  5:16  SCV x2  
  57  5:18  Supply Depot  
  59  5:22  Marine x2  
  59  5:23  Marine  
  59  5:25  Marine  
  63  5:29  SCV x2  
  62  5:40  Marine x3  
  62  5:41  SCV x2  
  61  5:50  Marine  
  61  5:53  SCV x2  
  64  5:58  Marine x3  
  64  6:00  Terran Infantry Weapons Level 1  
  64  6:03  Factory Tech Lab  
  67  6:05  SCV x2  
  67  6:08  Marine  
  70  6:12  Missile Turret  
  70  6:15  Missile Turret  
  70  6:16  Marine x2  
  70  6:17  Marine, SCV x2  
  75  6:19  Medivac x2  
  79  6:26  Marine, Siege Tank  
  79  6:29  SCV x2  
  85  6:33  Marine  
  85  6:35  Supply Depot  
  85  6:39  Supply Depot  
  86  6:56  Marine x4  
  86  6:57  Supply Depot, SCV  
  86  6:58  Siege Tank  
  94  7:03  Supply Depot  
  94  7:06  SCV  
  95  7:09  SCV  
  95  7:10  Refinery x2  
  95  7:15  Marine x4  
  100  7:18  SCV  
  95  7:26  Supply Depot  
  74  7:32  Marine x2  
  74  7:33  Marine x2  
  78  7:46  Command Center  
  78  7:47  Medivac  
  78  7:48  Medivac  
  78  7:50  Marine x3, Siege Tank  
  78  7:51  Marine  
  89  7:57  SCV  
  90  8:08  Marine x4, SCV  
  90  8:09  SCV  
  96  8:20  SCV  
  96  8:22  Siege Tank  
  98  8:37  Marine x4  
  101  8:54  Marine  
  101  8:55  Marine x3  
  104  8:59  Orbital Command, Barracks  
  103  9:03  Barracks  
  103  9:12  Marine x2  
  103  9:13  Marine x2  
  103  9:15  Siege Tank  
  93  9:30  Marine x3  
  93  9:31  Marine  
  91  9:35  Medivac x2  
  93  9:46  Marine  
  93  9:47  Siege Tank  
  93  9:48  Marine x4  
  93  9:49  Marine  
  89  10:03  Marine  
  89  10:05  Missile Turret  
  89  10:06  Marine x4  
  94  10:09  Supply Depot  
  94  10:12  Supply Depot  
  94  10:24  Marine x4  
  94  10:26  Barracks Reactor  
  94  10:27  Barracks Reactor  
  98  10:32  Supply Depot  
  92  10:36  Supply Depot  
  92  10:41  Marine  
  92  10:42  Marine x3  
  76  10:56  Supply Depot  
  76  10:57  Viking, Medivac  
  76  10:58  Missile Turret  
  76  10:59  Marine x3  
  76  11:00  Marine  
  76  11:02  Marine x4  
  88  11:06  Terran Infantry Armor Level 1  
  88  11:08  Engineering Bay  
  88  11:12  Armory  
  88  11:17  Marine x4  
  92  11:20  Marine x4  
  96  11:27  Viking x2  
  96  11:28  Siege Tank  
  96  11:29  Command Center  
  103  11:35  Marine x4  
  103  11:37  Marine  
  103  11:38  Marine x3  
  111  11:44  Missile Turret  
  111  11:53  Marine x4  
  108  11:57  Viking  
  108  12:01  Siege Tank  
  113  12:07  Marine x4  
  117  12:10  Marine  
  117  12:11  Marine x3  
  112  12:24  Marine  
  112  12:25  Marine x3  
  112  12:28  Marine x2  
  118  12:31  Marine x2  
  120  12:42  Marine x3  
  120  12:43  Marine  
  124  12:46  Marine x2  
  124  12:51  Marine x2  
  128  12:59  Orbital Command  
  128  13:00  Marine x4  
  132  13:09  Marine  
  132  13:10  Marine x2  
  111  13:20  Marine x4  
  111  13:37  Marine x4  
  111  13:38  Marine x2  
  114  13:56  Marauder  
  114  13:59  Marauder  
  114  14:00  Marine  
  119  14:16  Marine x5  
  126  14:17  Marauder  
  126  14:18  Marine  
  126  14:23  Medivac x2  
Show
View Real Time Build Order
Export as new Build Order

furyofjustic Terran - Winner!

Build Orders:  

Get SALT Encoding   

  12  0:01  SCV  
  13  0:13  SCV  
  14  0:24  Supply Depot  
  14  0:25  SCV  
  15  0:46  SCV  
  15  0:48  Barracks  
  15  0:49  Supply Depot  
  16  0:58  SCV  
  16  0:59  Refinery  
  17  1:10  SCV  
  18  1:13  Refinery  
  18  1:22  SCV  
  19  1:34  SCV  
  19  1:37  Marine  
  21  1:46  SCV  
  22  1:52  Factory  
  22  1:55  Marine  
  23  2:03  Supply Depot  
  23  2:04  Orbital Command  
  23  2:12  Marine  
  24  2:30  Marine  
  24  2:31  Supply Depot  
  24  2:36  Starport  
  25  2:38  Factory Reactor  
  25  2:48  Marine  
  26  3:05  Supply Depot  
  26  3:09  Armory  
  26  3:17  Widow Mine x2  
  30  3:21  Medivac  
  32  3:32  Barracks Tech Lab  
  32  3:38  Widow Mine x2  
  36  4:02  Command Center  
  36  4:03  Liberator  
  39  4:17  Engineering Bay  
  39  4:25  Siege Tank  
  42  4:34  Supply Depot  
  42  4:46  Marine  
  42  4:47  Marine  
  44  4:57  Siege Tank  
  47  5:03  Starport Reactor  
  47  5:04  Marine x2  
  49  5:22  Marine x2  
  51  5:37  Orbital Command  
  40  5:56  Viking x2  
  44  5:58  Siege Tank  
  44  5:59  Command Center  
  47  6:08  Barracks  
  47  6:12  Orbital Command  
  47  6:24  Marine x2  
  49  6:29  Viking  
  49  6:30  Viking  
  53  6:41  SCV  
  53  6:43  SCV  
  55  6:53  SCV  
  56  6:55  SCV  
  57  7:06  SCV  
  57  7:08  Missile Turret  
  58  7:09  Missile Turret  
  58  7:13  Missile Turret  
  58  7:18  SCV  
  52  7:35  Siege Tank  
  55  7:37  Marine x3  
  58  7:45  SCV  
  58  7:47  Refinery  
  58  7:48  Refinery  
  58  7:50  Supply Depot  
  59  7:57  SCV  
  60  8:00  Liberator x2  
  66  8:07  Siege Tank  
  66  8:09  SCV  
  70  8:24  Marine x2  
  70  8:25  Marine  
  71  8:39  Siege Tank  
  71  8:40  SCV  
  73  8:42  Marine  
  74  8:52  SCV  
  75  8:59  Liberator x2  
  75  9:02  Barracks Reactor  
  81  9:04  SCV  
  81  9:05  SCV  
  83  9:12  Hellion  
  85  9:17  SCV  
  86  9:29  Marine x2, SCV  
  85  9:33  Hellion  
  87  9:42  Viking x2  
  91  9:47  Marine x2  
  93  9:54  Siege Tank  
  89  10:01  Marine x2  
  89  10:05  Marine x2, SCV  
  94  10:17  SCV  
  94  10:19  Marine x2  
  97  10:23  Marine x2  
  99  10:31  Viking  
  99  10:32  Viking  
  99  10:34  Siege Tank  
  99  10:36  Marine  
  95  10:59  Marine x4  
  95  11:01  Viking  
  101  11:24  Marine  
  101  11:25  Supply Depot x2, Siege Tank, SCV  
  106  11:28  Viking  
  106  11:29  Marine  
  109  11:46  Viking, Marine, SCV  
  110  11:57  Siege Tank  
  110  11:58  Viking  
  115  12:07  Marine x3  
  118  12:11  SCV  
  119  12:16  Viking  
  121  12:23  SCV  
  121  12:28  Liberator  
  121  12:29  Siege Tank  
  125  12:59  Command Center  
  123  13:26  Liberator x2  
  123  13:27  Supply Depot, Siege Tank  
  132  13:29  Supply Depot  
  114  14:06  Orbital Command  
  114  14:09  Liberator x2  
  120  14:10  Marine x2  
  122  14:42  Marine x3  
  122  14:43  Marine  
  126  14:48  Barracks  
  126  14:49  SCV  
  126  14:51  Orbital Command, Barracks  
  133  14:55  Barracks  
  133  15:01  SCV  
Tags
 
Add a new tag
Caveats
  • Supply blocks, unpowered buildings, or Contaminate may cause inaccurate times.
  • Supply counts are checked every 10 seconds.